 Dungeon Crawl Stone Soup version 0.29.1-15-g9cfb28693d (webtiles) character file.

Game seed: 17789562688358658103

65471 PriceMaster the Eclecticist (level 15, 0/89 HPs)
             Began as an Octopode Conjurer on Apr 14, 2023.
             Was a High Priest of Vehumet.
             Killed by an exploding acid blob (48 damage)
             ... ignited by their inner flame
             ... on level 1 of the Pits of Slime.
             The game lasted 01:39:41 (22320 turns).

PriceMaster the Eclecticist (Octopode Conjurer)    Turns: 22320, Time: 01:39:41

Health: 0/89       AC:  6    Str: 12    XL:     15   Next: 16%
Magic:  24/43      EV: 20    Int: 39    God:    Vehumet [*****.]
Gold:   786        SH:  0    Dex: 19    Spells: 4/44 levels left

rFire   x . .      SeeInvis +   d - +9 hand axe "Jelly's Doom" {pain, Fly rCorr Dex+4 SInv}
rCold   + + +      Faith    .   (no shield)
rNeg    . . .      Spirit   .   H - +1 hat "Archuw" {rC+ Dex+4}
rPois   .          Reflect  .   l - amulet "Goumauritu" {rC+ Regen+ Int+5}
rElec   .          Harm     .   Y - +6 ring of strength
rCorr   +          Rampage  .   B - ring "Qaoremm" {rC+ Will+}
Will    +++..      Clarity  +   M - +6 ring of intelligence
Stlth   ++........              j - +4 ring of protection
HPRegen 1.04/turn               L - +4 ring of evasion
MPRegen 0.28/turn               N - ring of magical power
                                e - ring of ice
                                T - +4 ring of protection

@: confused, ambrosia-drunk, marked, corroded, flying, studying Maces & Flails,
invisible
A: almost no armour, amphibious, 8 rings, camouflage 1, gelatinous body 1,
(nimble swimmer 1), tentacles, tentacle spike 2, clarity, strong-willed 1
a: Renounce Religion


You were on level 1 of the Pits of Slime.
You worshipped Vehumet.
Vehumet was extremely pleased with you.
You visited 4 branches of the dungeon, and saw 18 of its levels.

You collected 1458 gold pieces.
You spent 672 gold pieces at shops.

Inventory:

Hand Weapons
 d - the +9 hand axe "Jelly's Doom" (weapon) {pain, Fly rCorr Dex+4 SInv}
   (You found it on level 5 of the Lair of Beasts)

   In the hands of one skilled in necromantic magic, it inflicts extra damage on
   living creatures.
   Dex:       It affects your dexterity (+4).
   SInv:      It lets you see invisible.
   Fly:       It grants you flight.
   rCorr:     It protects you from acid and corrosion.
 k - the +7 long sword "Bealisot" {vorpal, rN+}
   (You found it on level 3 of the Dungeon)

   It inflicts extra damage upon your enemies.
   rN:        It protects you from negative energy.
Missiles
 C - a throwing net
Armour
 H - the +1 hat "Archuw" (worn) {rC+ Dex+4}
   (You found it on level 4 of the Lair of Beasts)

   Dex:       It affects your dexterity (+4).
   rC:        It protects you from cold.
Jewellery
 a - a ring of fire
 b - an amulet of magic regeneration
 e - a ring of ice (on tentacle)
 j - a +4 ring of protection (on tentacle)
 l - the amulet "Goumauritu" (around mantle) {rC+ Regen+ Int+5}
   (You found it on level 5 of the Lair of Beasts)

   [amulet of regeneration]

   Int:       It affects your intelligence (+5).
   rC:        It protects you from cold.
   Regen:     It increases your rate of health regeneration.
 r - an amulet of regeneration
 B - the ring "Qaoremm" (right tentacle) {rC+ Will+}
   (You found it on level 8 of the Dungeon)

   [ring of protection from cold]

   rC:        It protects you from cold.
   Will:      It increases your willpower.
 L - a +4 ring of evasion (on tentacle)
 M - a +6 ring of intelligence (on tentacle)
 N - a ring of magical power (on tentacle)
 S - a ring of flight
 T - a +4 ring of protection (on tentacle)
 X - a ring of protection from cold
 Y - a +6 ring of strength (left tentacle)
 Z - an amulet of reflection
Wands
 n - a wand of charming (34)
 o - a wand of roots (29)
 u - a wand of mindburst (9)
 F - a wand of polymorph (5)
 G - a wand of flame (36)
 U - a wand of digging (3)
Scrolls
 c - 2 scrolls of enchant weapon
 g - 3 scrolls of immolation
 i - 3 scrolls of teleportation
 p - a scroll of fog
 s - a scroll of enchant armour
 t - 4 scrolls of magic mapping
 x - 4 scrolls of brand weapon {unknown}
 I - a scroll of summoning {unknown}
 K - 3 scrolls of amnesia {unknown}
Potions
 f - a potion of berserk rage
 h - 5 potions of lignification
 m - a potion of cancellation
 q - a potion of flight
 z - 4 potions of attraction
 J - a potion of invisibility
Miscellaneous
 Q - a phantom mirror
 V - a tin of tremorstones (2/2)


   Skills:
 + Level 3.6 Fighting
 + Level 7.2 Long Blades
 + Level 4.9 Dodging
 + Level 6.2 Stealth
 + Level 1.0 Unarmed Combat
 + Level 15.2 Spellcasting
 + Level 14.6 Conjurations
 + Level 5.0 Summonings
 + Level 4.0 Translocations
 + Level 3.1 Ice Magic
 + Level 3.1 Air Magic
 + Level 4.7 Earth Magic
 + Level 7.8 Poison Magic
 + Level 1.9 Evocations


You had 4 spell levels left.
You knew the following spells:

 Your Spells              Type           Power      Damage    Failure   Level
a - Magic Dart            Conj           100%       1d8       0%          1
b - Searing Ray           Conj           100%       2d8       0%          2
c - Iskenderun's Battles  Conj           97%        2d14      1%          5
d - Iskenderun's Mystic   Conj/Tloc      80%        2d16      1%          4
e - Freezing Cloud        Conj/Ice/Air   45%        6-21      1%          5
f - Iron Shot             Conj/Erth      40%        9d8       1%          6
g - Spellforged Servitor  Conj/Summ      41%        N/A       4%          7
h - Olgreb's Toxic Radia  Pois           74%        N/A       1%          4
i - Starburst             Conj/Fire      36%        6d11      2%          6

Your spell library contained the following spells:

 Spells                   Type           Power      Damage    Failure   Level
 Conjure Ball Lightning   Conj/Air       39%        3x3d13    1%          6
 Apportation              Tloc           100%       N/A       1%          1
 Necrotise                Necr           100%       1d9       1%          1
 Summon Small Mammal      Summ           100%       N/A       1%          1
 Call Imp                 Summ           62%        N/A       1%          2
 Static Discharge         Conj/Air       78%        3-13/arc  1%          2
 Call Canine Familiar     Summ           62%        N/A       1%          3
 Dazzling Flash           Conj/Hex       100%       N/A       1%          3
 Frozen Ramparts          Ice            100%       1d16      1%          3
 Mephitic Cloud           Conj/Pois/Air  77%        N/A       1%          3
 Summon Guardian Golem    Hex/Summ       49%        N/A       1%          3
 Fulminant Prism          Conj/Hex       36%        3d18      1%          4
 Sticky Flame             Conj/Fire      72%        2d9       1%          4
 Summon Ice Beast         Ice/Summ       75%        N/A       1%          4
 Vampiric Draining        Necr           29%        2d8       3%          3
 Ice Form                 Ice/Tmut       58%        N/A       6%          4
 Dispel Undead            Necr           29%        3d13      11%         4
 Agony                    Necr           29%        N/A       30%         5
 Simulacrum               Ice/Necr       29%        N/A       65%         6
 Polar Vortex             Ice            34%        N/A       100%        9


Dungeon Overview and Level Annotations

Branches:
Dungeon (11/15)            Temple (1/1) D:5            Lair (5/5) D:9
  Swamp (0/4) Lair:3       Spider (0/4) Lair:2        Slime (1/5) Lair:5
    Orc (0/2) D:11

Altars:
Ashenzari
Cheibriados
Dithmenos
Elyvilon
Fedhas
Gozag
Hepliaklqana
Kikubaaqudgha
Makhleb
Nemelex Xobeh
Okawaru
Qazlal
Ru
Sif Muna
Uskayaw
Vehumet
Wu Jian
Xom
Zin
The Shining One
Jiyva
Lugonu

Shops:
D:1 =

Annotations:
Temple 2 transporters


Innate Abilities, Weirdness & Mutations

You cannot wear most types of armour.
You are amphibious.
You can wear up to eight rings at the same time.
Your skin changes colour to match your surroundings (Stealth+).
Your rubbery body absorbs attacks. (AC +1, EV +1)
((You are camouflaged when in or above water. (Stealth+)))
You have tentacles for arms and can constrict up to eight enemies at once.
One of your tentacles bears a nasty spike.
You possess an exceptional clarity of mind.
You are strong-willed. (Will+)


Message History

Your battlesphere is engulfed in blazing flames.
The slime creature is engulfed in blazing flames.
Flame seeps out of the slime creature.
The slime creature hits your battlesphere!!
Your battlesphere is destroyed!
The very large slime creature is engulfed in blazing flames.
Flame seeps out of the very large slime creature.
A very large slime creature splits.
The acid blob hits your spellforged servitor but does no damage.
You're too confused to cast spells.
Okay, then.
You're too confused to cast spells.
Okay, then.
You're too confused to cast spells.
Okay, then.
Okay, then.
You hit the acid blob. Vehumet accepts your kill.
You feel your power returning.
You hit the rockslime but do no damage.
The acid blob explodes!
The fiery explosion engulfs the large slime creature!!
Flame seeps out of the large slime creature.
The large slime creature is moderately wounded.
The fiery explosion engulfs the acid blob!!
Flame seeps out of the acid blob.
The acid blob is heavily wounded.
The fiery explosion engulfs the large slime creature!
Flame seeps out of the large slime creature.
The large slime creature is severely wounded.
The fiery explosion engulfs the quicksilver ooze!!
The quicksilver ooze is heavily wounded.
The fiery explosion engulfs the rockslime!
The rockslime resists.
Flame seeps out of the rockslime.
The rockslime is moderately wounded.
The fiery explosion engulfs the slime creature!
Vehumet accepts your kill.
You feel your power returning. The fiery explosion engulfs you!!!
The fire burns you terribly!
Ouch! That really hurt!
You die...

...##...# # ........# ###
..§.....### ##.#
.§§§....#.## ## #...
.§§§§§.....# ##.## ##..
.§§§§J§§..## #....##...
..§§§§JJ°..## #....#...
.....>J§§...# ##.#......
....§.JJ@..## #.........
...§§..9....####..#....#.
...☼§§.......##..........
...§○°..#.....#..........
........#.............#..
.........................
...........#.....##......
........#.......####.....
.....###.##.### ###...


You could see an acid blob (inner flame), 2 large slime creatures, a slime
creature (inner flame, unable to see you), a rockslime (inner flame), a
quicksilver ooze (ally target) and a friendly spellforged servitor (summoned).

Vanquished Creatures
  3 acid blobs (Slime:1)
  2 dire elephants (Lair:5)
  5 hydras
  A boulder beetle (Lair:4)
  2 two-headed ogres
  Urug (Lair:4)
  A nameless horror (Lair:4)
  A spectral anaconda (Lair:5)
  4 necromancers (Lair:5)
  Pikel (D:8)
  A manticore (D:11)
  Maurice (D:10)
  11 elephants
  3 black mambas
  3 cane toads
  An eye of devastation (Lair:5)
  A dire elephant skeleton (Lair:5)
  3 kobold demonologists (D:10)
  9 komodo dragons
  13 rime drakes
  The ghost of CicadaDays the Poker, an amateur MiGl (D:5)
  3 trolls
  3 blink frogs
  A polar bear (Lair:4)
  A spectral elephant (Lair:5)
  7 slime creatures (Slime:1)
  2 jumping spiders (Lair:4)
  5 dream sheep (Lair:5)
  3 culicivoras (Lair:2)
  2 shadows
  A wyvern (Lair:2)
  41 yaks
  2 wraiths
  5 basilisks
  3 redbacks (Lair:4)
  3 steam dragons (Lair:5)
  2 death yak simulacra (Lair:5)
  2 spectral cane toads (Lair:5)
  2 acid dragons
  22 water moccasins
  3 orc warriors (D:8)
  A sky beast (D:7)
  2 ice beasts
  4 black bears
  8 wolves
  3 centaurs
  An elephant skeleton (Lair:5)
  A lemure (D:8)
  A phantom (D:5)
  2 kobold brigands
  15 bullfrogs
  A gnoll sergeant (D:10)
  A scorpion (D:7)
  4 wights
  22 killer bees
  2 elephant simulacra (Lair:5)
  An electric eel (Lair:3)
  5 howler monkeys
  A crimson imp (D:8)
  3 lava snakes (Lair:4)
  4 jellies
  7 hounds
  7 orc priests
  Jessica (D:3)
  6 iguanas
  9 orc wizards
  9 gnolls
  3 adders
  A white imp (D:8)
  2 worms
  2 dart slugs
  34 orcs
  6 endoplasms
  A giant cockroach (D:2)
  6 hobgoblins
  4 jackals (D:1)
  4 quokkas
  4 ball pythons
  2 bats
  2 frilled lizards
  4 goblins
  10 kobolds
  6 rats
393 creatures vanquished.

Vanquished Creatures (collateral kills)
  A fire dragon (Lair:5)
  A boulder beetle (Lair:4)
  A hydra (Lair:3)
  An obsidian statue (Lair:5)
  2 lindwurms
  3 slime creatures (Slime:1)
  A manticore (Lair:3)
  22 elephants
  A black mamba (Lair:3)
  8 cane toads
  5 komodo dragons
  A rime drake (Lair:5)
  2 polar bears
  2 blink frogs (Lair:5)
  2 dream sheep (Lair:5)
  A jumping spider (Lair:4)
  7 yaks
  6 steam dragons (Lair:5)
  A floating eye (Lair:5)
  2 black bears (Lair:4)
  An elephant skeleton (Lair:5)
  2 wolves
  A bullfrog (Lair:3)
  A scorpion (Lair:3)
  A cane toad simulacrum (Lair:5)
76 creatures vanquished.

Vanquished Creatures (others)
  5 demonic plants (D:10)
  80 fungi
  139 plants
  28 withered plants (Lair:5)
252 creatures vanquished.

Grand Total: 721 creatures vanquished

Notes
Turn   | Place    | Note
-------+----------+-------------------------------------------
     0 | D:1      | PriceMaster the Octopode Conjurer began the quest for the
                  | Orb.
     0 | D:1      | Reached XP level 1. HP: 11/11 MP: 3/3
   130 | D:1      | Reached XP level 2. HP: 12/17 MP: 3/5
   390 | D:1      | Found Rocaisse's Jewellery Shop.
   663 | D:1      | Found a faded altar of an unknown god.
  1011 | D:2      | Reached XP level 3. HP: 21/21 MP: 3/6
  1637 | D:2      | Learned a level 2 spell: Searing Ray
  1793 | D:3      | Reached XP level 4. HP: 27/27 MP: 4/7
  1871 | D:3      | Identified the +7 long sword "Bealisot" {vorpal, rN+}
  1876 | D:3      | Reached skill level 5 in Conjurations
  2311 | D:3      | Noticed Jessica
  2312 | D:3      | Killed Jessica
  2508 | D:4      | Reached XP level 5. HP: 32/32 MP: 1/8
  2799 | D:4      | Reached skill level 1 in Fighting
  3311 | D:4      | Found an opulent altar of Gozag.
  3350 | D:4      | Reached skill level 1 in Unarmed Combat
  3398 | D:4      | Reached skill level 3 in Spellcasting
  3398 | D:4      | Reached XP level 6. HP: 38/38 MP: 7/10
  3737 | D:5      | Entered Level 5 of the Dungeon
  3745 | D:5      | Reached skill level 1 in Long Blades
  3755 | D:5      | Found a staircase to the Ecumenical Temple.
  3830 | D:5      | Noticed a water moccasin
  3838 | D:5      | Killed a water moccasin
  3839 | D:5      | Reached XP level 7. HP: 31/43 MP: 10/12
  3939 | D:5      | Reached skill level 4 in Spellcasting
  3990 | D:5      | Found a runed translucent gate.
  3997 | D:5      | Found a runed translucent gate.
  3997 | D:5      | Identified the +0 hand axe of Disaster {protect, rN+ rCorr
                  | Str-4 Dex+4}
  3999 | D:5      | Found a runed translucent gate.
  4001 | D:5      | Noticed CicadaDays's ghost (amateur MiGl)
  4809 | D:6      | Reached XP level 8. HP: 50/50 MP: 10/14
  5139 | D:6      | Learned a level 5 spell: Iskenderun's Battlesphere
  5577 | D:6      | Found a snail-covered altar of Cheibriados.
  5584 | D:6      | Found a glowing golden altar of the Shining One.
  5868 | Temple   | Entered the Ecumenical Temple
  5868 | Temple   | Found a transporter.
  5868 | Temple   | Found a transporter.
  5870 | Temple   | Found a transporter.
  5870 | Temple   | Found a transporter.
  5898 | Temple   | Became a worshipper of Vehumet
  6355 | D:5      | Killed CicadaDays's ghost
  6356 | D:5      | Reached skill level 5 in Spellcasting
  6762 | D:7      | Reached skill level 1 in Evocations
  6777 | D:7      | Reached XP level 9. HP: 21/55 MP: 8/17
  7212 | D:7      | Reached * piety under Vehumet
  7212 | D:7      | Offered knowledge of Freeze by Vehumet.
  7226 | D:7      | Reached skill level 5 in Long Blades
  7430 | D:8      | Identified the ring "Qaoremm" {rC+ Will+}
  7492 | D:8      | Reached skill level 6 in Spellcasting
  8001 | D:8      | Reached skill level 5 in Stealth
  8216 | D:8      | Noticed Pikel
  8223 | D:8      | Killed Pikel
  8224 | D:8      | Reached skill level 7 in Spellcasting
  8224 | D:8      | Reached XP level 10. HP: 55/62 MP: 13/20
  8511 | D:8      | Learned a level 4 spell: Iskenderun's Mystic Blast
  8973 | D:9      | Offered knowledge of Sandblast by Vehumet.
  8979 | D:9      | Reached ** piety under Vehumet
  8980 | D:9      | Reached skill level 8 in Spellcasting
  9151 | D:9      | Reached skill level 10 in Conjurations
  9277 | D:9      | Found a staircase to the Lair.
  9399 | D:9      | Reached skill level 1 in Translocations
  9496 | D:9      | Noticed a two-headed ogre
  9505 | D:9      | Killed a two-headed ogre
  9506 | D:9      | Reached XP level 11. HP: 66/66 MP: 14/23
  9548 | D:9      | Reached skill level 9 in Spellcasting
  9833 | D:10     | Entered Level 10 of the Dungeon
  9854 | D:10     | Noticed Maurice
  9858 | D:10     | Killed Maurice
  9879 | D:10     | Noticed a cyclops
  9881 | D:10     | Noticed a two-headed ogre
  9968 | D:10     | Found a corrupted altar of Lugonu.
 10032 | D:10     | Offered knowledge of Frozen Ramparts by Vehumet.
 10197 | D:10     | Reached *** piety under Vehumet
 10667 | D:10     | Learned a level 5 spell: Freezing Cloud
 10696 | D:10     | Learned a level 6 spell: Iron Shot
 10817 | D:11     | Reached skill level 10 in Spellcasting
 10818 | D:11     | Gained mutation: One of your tentacles bears a spike.
                  | [potion of mutation]
 10818 | D:11     | Gained mutation: You possess an exceptional clarity of
                  | mind. [potion of mutation]
 10818 | D:11     | Gained mutation: One of your tentacles bears a nasty spike.
                  | [potion of mutation]
 10818 | D:11     | Gained mutation: You are strong-willed. (Will+) [potion of
                  | mutation]
 10867 | D:11     | Found a staircase to the Orcish Mines.
 11129 | D:11     | Noticed a two-headed ogre
 11133 | D:11     | Killed a two-headed ogre
 11238 | D:11     | Reached skill level 1 in Air Magic
 11533 | D:11     | Noticed a manticore
 11537 | D:11     | Killed a manticore
 11758 | Lair:1   | Entered Level 1 of the Lair of Beasts
 11856 | Lair:1   | Offered knowledge of Hailstorm by Vehumet.
 11857 | Lair:1   | Reached skill level 1 in Earth Magic
 11890 | Lair:1   | Reached XP level 12. HP: 72/72 MP: 20/26
 12400 | Lair:1   | Identified the +0 buckler of the Blue Moon {-Cast rPois
                  | Will+ Str+7}
 12929 | Lair:2   | Reached skill level 11 in Spellcasting
 13126 | Lair:2   | Reached skill level 1 in Ice Magic
 13141 | Lair:2   | Reached **** piety under Vehumet
 13144 | Lair:2   | Offered knowledge of Olgreb's Toxic Radiance by Vehumet.
 13836 | Lair:2   | Found a hole to the Spider Nest.
 14114 | Lair:2   | Learned a level 7 spell: Spellforged Servitor
 14372 | D:1      | Bought a +4 ring of evasion for 432 gold pieces
 14372 | D:1      | Bought a ring of magical power for 240 gold pieces
 14739 | Lair:3   | Reached skill level 1 in Summonings
 14867 | Lair:3   | Found a staircase to the Swamp.
 15085 | Lair:3   | Learned a level 4 spell: Olgreb's Toxic Radiance
 15344 | Lair:3   | Reached skill level 1 in Poison Magic
 15345 | Lair:3   | Reached skill level 12 in Spellcasting
 15359 | Lair:3   | Noticed a four-headed hydra
 15401 | Lair:3   | Killed a four-headed hydra
 15402 | Lair:3   | Reached XP level 13. HP: 78/78 MP: 22/29
 16717 | Lair:4   | Noticed Urug
 16720 | Lair:4   | Killed Urug
 16955 | Lair:4   | Reached ***** piety under Vehumet
 16977 | Lair:4   | Offered knowledge of Starburst by Vehumet.
 17142 | Lair:4   | Reached skill level 13 in Spellcasting
 17673 | Lair:4   | Found a runed translucent door.
 18412 | Lair:4   | Identified the +1 whip of Iconoclasm {chaos, Dex+5}
 18414 | Lair:4   | Identified the +1 hat "Archuw" {rC+ Dex+4}
 18442 | Lair:4   | Found a runed translucent gate.
 18442 | Lair:4   | Found a runed translucent gate.
 18442 | Lair:4   | Found a runed translucent gate.
 18442 | Lair:4   | Found a runed translucent gate.
 18442 | Lair:4   | Found a runed translucent gate.
 18442 | Lair:4   | Found a runed translucent gate.
 18749 | Lair:5   | Entered Level 5 of the Lair of Beasts
 18755 | Lair:5   | Reached XP level 14. HP: 83/83 MP: 26/31
 18892 | Lair:5   | Noticed a dire elephant
 18892 | Lair:5   | Noticed a dire elephant
 19277 | Lair:5   | Reached skill level 5 in Poison Magic
 19429 | Lair:5   | Learned a level 6 spell: Starburst
 19439 | Lair:5   | Reached skill level 14 in Spellcasting
 19580 | Lair:5   | Paralysed by a floating eye for 4 turns
 19786 | Lair:5   | Found a viscous altar of Jiyva.
 20618 | Lair:5   | Found a staircase to the Slime Pits.
 20660 | Lair:5   | HP: 2/83 [fire dragon/blast of flame (63)]
 21034 | Lair:5   | Killed a dire elephant
 21035 | Lair:5   | Killed a dire elephant
 21056 | Lair:5   | Reached XP level 15. HP: 89/89 MP: 12/33
 21115 | Lair:5   | Identified the +9 hand axe "Jelly's Doom" {pain, Fly rCorr
                  | Dex+4 SInv}
 21632 | Lair:5   | Identified the amulet "Goumauritu" {rC+ Regen+ Int+5}
 22003 | Slime:1  | Entered Level 1 of the Pits of Slime
 22006 | Slime:1  | Noticed an acid blob
 22006 | Slime:1  | Noticed an acid blob
 22010 | Slime:1  | Killed an acid blob
 22011 | Slime:1  | Reached skill level 15 in Spellcasting
 22011 | Slime:1  | Killed an acid blob
 22019 | Slime:1  | Reached skill level 5 in Summonings
 22309 | Slime:1  | Noticed an acid blob
 22309 | Slime:1  | Noticed an acid blob
 22311 | Slime:1  | Noticed a rockslime
 22312 | Slime:1  | Offered knowledge of Conjure Ball Lightning by Vehumet.
 22320 | Slime:1  | Killed an acid blob
 22320 | Slime:1  | Killed by an exploding acid blob... ignited by their inner
                  | flame

Illustrated notes

Levels and vault maps discovered:
D:1:      sevenhm_arrival_forest_fort_small_4, layout_rooms, serial_shops, shop,
          hellmonk_ecumenical_altar_crossroads
D:2:      layout_rooms, amethyst_killhole, kennysheep_nub
D:3:      layout_basic, uniq_jessica
D:4:      layout_loops_ring, nicolae_gozag_cash_rules_everything_around_me
D:5:      layout_basic, minmay_temple_entry_arrows, biasface_ghost_orc_armoury,
          ebering_dispersal_statue_hall, hex_tiny
D:6:      layout_loops_ring, minitemple
D:7:      layout_cave_pools, minmay_manual_maat
D:8:      layout_loops_ring, nicolae_overflow_hidden_temple,
          kennysheep_decorative_pillar, minmay_fire_ice_demons, uniq_pikel
D:9:      layout_roguey, due_lair_maze_entry_diamond
D:10:     kennysheep_kobold_lugonu_temple, layout_rooms,
          onia_ninara_dug_in_and_dangerous, uniq_maurice
D:11:     layout_roguey, orc_0_dummy
Temple:   hellmonk_temple_divided_pantheon
Lair:1:   layout_cave_pods, minivault_24, lemuel_fruit_tree,
          serial_bayou_shore_b
Lair:2:   layout_chaotic_city, hellmonk_spider_entry_life_and_decay,
          serial_forest, infiniplex_forest_clump_double,
          infiniplex_forest_clump_long, infiniplex_forest_clump_C,
          infiniplex_forest_straight_2, infiniplex_forest_lined_corner,
          infiniplex_forest_lined_2, infiniplex_forest_corner_2,
          fungi_pond_lemuel, beast_lair_carwin_1
Lair:3:   nzn_winding_woodlands_stair_trap [nzn_winding_woodlands_5x15_parted,
          nzn_winding_woodlands_5x15_sidewinder,
          nzn_winding_woodlands_5x15_river_crossing,
          nzn_winding_woodlands_15x15_boxy_spiral,
          nzn_winding_woodlands_5x15_pathside_ponds,
          nzn_winding_woodlands_5x15_cabin, nzn_winding_woodlands_5x15_eye],
          layout_regular_city, swamp_mist_pool, kennysheep_basilisk_garden
Lair:4:   gammafunk_indiana_jones, layout_regular_city,
          gammafunk_lair_bear_cave, uniq_urug
Lair:5:   due_jungle_book, layout_regular_city, minmay_slime_entry_eyes,
          bobbens_dragon_lair_wall
Slime:1:  layout_caves

Skill      XL: |  1  2  3  4  5  6  7  8  9 10 11 12 13 14 15 |
---------------+----------------------------------------------+-----
Conjurations   | 5 6 7 8 10 12 13 14 | 14.6
Stealth        | 3 4 5 6 |  6.2
Fighting       | 1 2 3 |  3.6
Unarmed Combat | 1 |  1.0
Spellcasting   | 3 4 5 7 8 10 12 13 14 15 | 15.2
Long Blades    | 1 2 4 5 6 7 |  7.2
Dodging        | 3 4 |  4.9
Evocations     | 1 |  1.9
Translocations | 1 2 3 4 |  4.0
Air Magic      | 1 2 3 |  3.1
Earth Magic    | 1 2 4 |  4.7
Ice Magic      | 2 3 |  3.1
Summonings     | 2 4 5 |  5.0
Poison Magic   | 1 4 7 |  7.8

Action                   |  1- 3 |  4- 6 |  7- 9 | 10-12 | 13-15 || total
-------------------------+-------+-------+-------+-------+-------++-------
Melee: Unarmed           |    17 |       |       |       |       ||    17
       Constrict         |     9 |       |     6 |     3 |     1 ||    19
       Tentacles         |     3 |       |     6 |     9 |     7 ||    25
       Dagger            |     9 |       |       |       |       ||     9
       Long sword        |       |    11 |    47 |    34 |    23 ||   115
       Kick              |       |       |       |     8 |    15 ||    23
       Punch             |       |       |       |       |     2 ||     2
       Hand axe          |       |       |       |       |     6 ||     6
 Cast: Magic Dart        |    67 |    49 |    80 |    96 |    54 ||   346
       Searing Ray       |       |    19 |    33 |    37 |    10 ||    99
       Iskenderun's Batt |       |       |    28 |    72 |    49 ||   149
       Iskenderun's Myst |       |       |       |    42 |    19 ||    61
       Iron Shot         |       |       |       |    30 |    49 ||    79
       Freezing Cloud    |       |       |       |    15 |    32 ||    47
       Spellforged Servi |       |       |       |    11 |    51 ||    62
       Olgreb's Toxic Ra |       |       |       |     4 |    78 ||    82
       Starburst         |       |       |       |       |     7 ||     7
Evoke: Wand              |       |       |     4 |     3 |     3 ||    10
       Phantom mirror    |       |       |       |       |     1 ||     1
  Use: Potion            |     1 |       |     9 |    15 |     7 ||    32
       Scroll            |     2 |     5 |     7 |     4 |     7 ||    25
 Stab: Distracted        |       |       |       |       |     2 ||     2
Armor: Skin              |     3 |       |     5 |    11 |    17 ||    36
Dodge: Dodged            |    22 |    12 |    44 |    39 |    70 ||   187
